 Dungeon Crawl Stone Soup version 0.22-a0-815-gb582571 (webtiles) character file.

102 iamserjio the Sneak (level 4, -8/23 HPs)
             Began as a Spriggan Monk on July 23, 2018.
             Killed by nerve-wracking pain
             ... invoked by Grinder
              (13 damage)
             ... on level 4 of the Dungeon.
             The game lasted 00:10:05 (1373 turns).

iamserjio the Sneak (Spriggan Monk)                 Turns: 1373, Time: 00:10:06

Health: -8/23      AC:  2    Str:  7    XL:     4   Next: 49%
Magic:  5/5        EV: 22    Int: 12    God:
Gold:   146        SH:  0    Dex: 21    Spells: 3/3 levels left

rFire    . . .     SeeInvis +   q - +0 dagger (flame)
rCold    . . .     Gourm    .   (shield restricted)
rNeg     . . .     Faith    .   b - +0 robe
rPois    .         Spirit   .   (helmet restricted)
rElec    .         Reflect  .   (no cloak)
rCorr    .         Harm     .   (gloves unavailable)
MR       .....                  (boots unavailable)
Stlth    ++........             (no amulet)
HPRegen  0.07/turn              o - +3 ring of dexterity
MPRegen  0.09/turn              (no ring)

@: about to teleport, slow
A: very small, unfitting armour, see invisible, herbivore, speed 3, slow
metabolism 2
a: no special abilities


You were on level 4 of the Dungeon.
You were not hungry.

You visited 1 branch of the dungeon, and saw 4 of its levels.

You collected 146 gold pieces.

Inventory:

Hand Weapons
 a - a +0 short sword
 l - a +0 dagger
 q - a +0 dagger of flaming (weapon)
Missiles
 d - 63 arrows
 i - 38 stones (quivered)
 m - 27 sling bullets
Armour
 b - a +0 robe (worn)
Jewellery
 o - a +3 ring of dexterity (left hand)
Scrolls
 e - 2 scrolls of remove curse {@r2}
 k - 2 scrolls of random uselessness
 n - a scroll of fear
Potions
 g - a potion of brilliance
 h - 2 potions of degeneration
 p - a potion of curing {unknown}
 r - a potion of agility {unknown}
Comestibles
 c - 5 rations


   Skills:
 - Level 2.4 Fighting
 + Level 4.1 Short Blades
 + Level 5.3 Dodging
 * Level 5.8 Stealth


You had 3 spell levels left.
You didn't know any spells.
Your spell library was empty.

Dungeon Overview and Level Annotations

Branches:
Dungeon (4/15)
 Temple: D:4-7

Altars:

Annotations:
D:3 Jessica
D:4 Grinder


Innate Abilities, Weirdness & Mutations

You are very small and have problems with some larger weapons.
You are too small for most types of armour.
You have supernaturally acute eyesight. (SInv)
You are a herbivore.
You cover ground extremely quickly.
You need to consume almost no food.


Message History

You enter the shallow water.
Moving in this stuff is going to be slow.
Okay, then.
You enter the shallow water.
Moving in this stuff is going to be slow.
Grinder comes into view.
Grinder shouts!
You aren't carrying any items that you can evoke.
Unknown command.
You enter the shallow water.
Moving in this stuff is going to be slow.
As you read the scroll of teleportation, it crumbles to dust.
You feel strangely unstable.
Okay, then.
You enter the shallow water.
Moving in this stuff is going to be slow.
Grinder gestures at you. Pain shoots through your body!
Ouch! That really hurt!
You die...

♣≈.≈♣♣♣≈≈≈♣♣♣≈.##
≈≈≈≈≈≈≈≈≈≈≈≈≈≈..###
≈≈...≈≈.≈....≈≈...###
≈≈≈≈≈≈≈≈.≈≈≈≈≈......####
♣≈≈≈♣♣♣≈≈≈♣♣♣≈5#.......#
♣≈≈ ♣≈.≈♣ ♣≈.###......
♣≈≈≈♣♣♣≈.≈♣♣♣≈.# 5..##
≈≈≈≈≈≈≈≈≈≈≈≈≈≈# .##
..≈≈...≈.≈..@.# #
#......<..#####
#######...# ##..# #...#
#..# ... #... .###


You could see Grinder.

Vanquished Creatures
  3 adders (D:3)
  An ooze (D:1)
  A worm (D:2)
  2 dart slugs
  A leopard gecko (D:3)
  2 orcs (D:3)
  10 bats
  2 giant cockroaches
  9 goblins
  11 hobgoblins
  4 jackals
  4 kobolds
  A ball python (D:2)
  4 frilled lizards
  3 rats
58 creatures vanquished.

Notes
Turn   | Place    | Note
-------+----------+-------------------------------------------
     0 | D:1      | iamserjio the Spriggan Monk began the quest for the Orb.
     0 | D:1      | Reached XP level 1. HP: 11/11 MP: 2/2
   142 | D:2      | Reached XP level 2. HP: 10/16 MP: 3/3
   447 | D:1      | Reached XP level 3. HP: 16/19 MP: 4/4
   549 | D:1      | Reached skill level 5 in Dodging
   782 | D:2      | Found a faded altar of an unknown god.
   935 | D:3      | Reached skill level 5 in Stealth
   960 | D:3      | Reached XP level 4. HP: 18/23 MP: 5/5
  1212 | D:3      | Noticed Jessica
  1363 | D:4      | Noticed Grinder
  1373 | D:4      | Killed from afar by Grinder

Vault maps used:
D:1:      shiori_arrival_maze
D:2:      wad_crossroads, first_ration, chequers_ecumenical_altar_island,
          st_stairs_13
D:3:      zin_treasury, minmay_misc_feat_tower, uniq_jessica
D:4:      ashenzari_altar_1, old_standard_altar, grunt_gozag_statues,
          minmay_temple_entry_glassed_door, hellmonk_ghost_happy_afterlife,
          gup_sewer_entry_bubbles, kennysheep_boxes, uniq_grinder,
          uniq_blork_the_orc, uniq_menkaure

Skill      XL: |  1  2  3  4 |
---------------+-------------+-----
Stealth        | 4 5 |  5.8
Dodging        | 5 |  5.3
Short Blades   | 4 |  4.1
Fighting       | |  2.4

Action                   |  1- 3 |  4- 6 || total
-------------------------+-------+-------++-------
Melee: Short sword       |   168 |    58 ||   226
       Dagger            |       |    40 ||    40
  Use: Scroll            |       |     7 ||     7
 Stab: Sleeping          |    12 |       ||    12
Armor: Robe              |    25 |    10 ||    35
Dodge: Dodged            |   221 |    95 ||   316

Table legend:
 A = Spawn XP
 B = Non-spawn XP
 C = Spawn XP percentage of total XP
 D = Spawn monster count
 E = Non-spawn monster count
 F = Spawn count percentage of total count
 G = Total turns spent on level
                    A         B        C        D         E        F      G
               +---------+---------+-------+---------+---------+-------+---------
         Total |       0 |     146 |   0.0 |       0 |      58 |   0.0 |  1373
               +---------+---------+-------+---------+---------+-------+---------
           D:1 |       0 |      37 |   0.0 |       0 |      19 |   0.0 |   415
           D:2 |       0 |      34 |   0.0 |       0 |      17 |   0.0 |   549
           D:3 |       0 |      73 |   0.0 |       0 |      21 |   0.0 |   384
           D:4 |       0 |       2 |   0.0 |       0 |       1 |   0.0 |    25
               +---------+---------+-------+---------+---------+-------+---------
